 Dungeon Crawl Stone Soup version 0.25-a0-699-g25a338df49 (webtiles) character file.

Game seed: 270438712170802892, levelgen mode: deterministic

24 DasRunzen the Conjurer (level 2, -3/22 HPs)
             Began as a Demigod Conjurer on Apr 2, 2020.
             Slain by a gnoll
             ... wielding a +0 club
              (7 damage)
             ... on level 2 of the Dungeon.
             The game lasted 00:01:06 (672 turns).

DasRunzen the Conjurer (Demigod Conjurer)            Turns: 672, Time: 00:01:07

Health: -3/22      AC:  2    Str: 11    XL:     2   Next: 60%
Magic:  7/7        EV: 13    Int: 19    God:
Gold:   36         SH:  0    Dex: 16    Spells: 4/5 levels left

rFire    . . .     SeeInvis .   b - +2 whip (venom)
rCold    . . .     Gourm    .   (no shield)
rNeg     . . .     Faith    .   a - +0 robe
rPois    +         Spirit   .   (no helmet)
rElec    .         Reflect  .   (no cloak)
rCorr    .         Harm     .   (no gloves)
MR       .....                  (no boots)
Stlth    ++........             (no amulet)
HPRegen  0.07/turn              j - ring of poison resistance
MPRegen  0.10/turn              (no ring)

@: no status effects
A: high mp 1
a: no special abilities


You were on level 2 of the Dungeon.
You were not hungry.

You visited 1 branch of the dungeon, and saw 2 of its levels.

You collected 36 gold pieces.

Inventory:

Hand Weapons
 b - a +2 whip of venom (weapon)
Armour
 a - a +0 robe (worn)
Jewellery
 j - a ring of poison resistance (left hand)
Scrolls
 e - a scroll of remove curse {unknown}
 f - 3 scrolls of identify {unknown}
 g - a scroll of immolation {unknown}
 h - 2 scrolls of teleportation {unknown}
 i - 3 scrolls of noise {unknown}
Potions
 d - a potion of flight {unknown}
Comestibles
 c - a ration


   Skills:
 + Level 0.9 Fighting
 + Level 2.2 Dodging
 - Level 1.7 Stealth
 + Level 2.0 Spellcasting
 + Level 3.8 Conjurations


You had 4 spell levels left.
You knew the following spells:

 Your Spells              Type           Power        Failure   Level  Hunger
a - Magic Dart            Conj           ###.         3%          1    #......

Your spell library contained the following spells:

 Spells                   Type           Power        Failure   Level  Hunger
 Searing Ray              Conj           ###...       5%          2    ###....
 Dazzling Flash           Conj/Hex       #.....       22%         3    ###....
 Fulminant Prism          Conj/Hex       #.........   58%         4    #####..
 Iskenderun's Mystic Bla  Conj/Tloc      #.......     58%         4    #####..


Dungeon Overview and Level Annotations

Branches:
Dungeon (2/15)


Innate Abilities, Weirdness & Mutations

You have an increased reservoir of magic. (+10% MP)


Message History

Confirm with . or Enter, or press ? or * to list all spells.
You don't know that spell.
Casting: Magic Dart (safe; 3% risk of failure)
Confirm with . or Enter, or press ? or * to list all spells.
You don't know that spell.
Casting: Magic Dart (safe; 3% risk of failure)
Confirm with . or Enter, or press ? or * to list all spells.
You don't know that spell.
The gnoll hits you with a +0 club.
You completely miss the gnoll. The gnoll hits you with a +0 club!
The gnoll hits you from afar with a +0 spear.
* * * LOW HITPOINT WARNING * * *
A quokka comes into view.
The gnoll hits you with a +0 club.
* * * LOW HITPOINT WARNING * * *
There is an open door here.
There is an open door here.
There is a stone staircase leading up here.
The gnoll hits you with a +0 club!
You die...

########### #....@....#
... #....g....#
....#...g.....#
..............#
.....##g#########
...>..†.........##
........†g.####..#
..........g#####.#######
#..........'..g...r.....


You could see 2 gnolls and a hobgoblin.

Vanquished Creatures
  An adder (D:2)
  An ooze (D:1)
  A dart slug (D:1)
  A giant cockroach (D:1)
  2 kobolds (D:1)
  A frilled lizard (D:1)
  4 rats
11 creatures vanquished.

Notes
Turn   | Place    | Note
-------+----------+-------------------------------------------
     0 | D:1      | DasRunzen the Demigod Conjurer began the quest for the Orb.
     0 | D:1      | Reached XP level 1. HP: 14/14 MP: 5/5
   114 | D:1      | Found a shimmering altar of Xom,
   204 | D:1      | Reached XP level 2. HP: 19/22 MP: 7/7
   672 | D:2      | Slain by a gnoll

Levels and vault maps discovered:
D:1:      minmay_arrival_four_circles, layout_basic, minmay_misc_feat_tower,
          xom_teletrap_fun
D:2:      layout_basic, columned_hall_lemuel, chequers_garden, uniq_terence,
          uniq_natasha

Skill      XL: |  1  2 |
---------------+-------+-----
Dodging        | 2 |  2.2
Spellcasting   | 2 |  2.0
Fighting       | |  0.9
Stealth        | |  1.7
Conjurations   | |  3.8

Action                   || total
-------------------------++-------
Melee: Whip              ||    30
 Cast: Magic Dart        ||     3
Armor: Robe              ||     4
Dodge: Dodged            ||    17

Table legend:
 A = Non-vault XP
 B = Vault XP
 C = Vault XP percentage of total XP
 D = Non-vault monster count
 E = Vault monster count
 F = Vault count percentage of total count
                 A         B        C        D         E       F
            +---------+---------+-------+---------+---------+-------
      Total |      35 |       0 |   0.0 |      11 |       0 |   0.0
            +---------+---------+-------+---------+---------+-------
        D:1 |      20 |       0 |   0.0 |       8 |       0 |   0.0
        D:2 |      15 |       0 |   0.0 |       3 |       0 |   0.0
            +---------+---------+-------+---------+---------+-------
